AoeStats
← Dartagnan

Arena

509824102Analyzed
1v1 RM · 3d ago on Sep 28, 2026· 39m 4s· 2 players
Game mode
Random Map
Map size
Tiny (2 player)
Population
200
Speed
Normal
Resources
Standard
Victory
Conquest
Starting age
Dark Age
Ending age
Imperial Age
RankedLock teamsTeams togetherTeam positionsShared explorationLock speedFull tech treeHidden civsTurbo modeCheats
Victory
Defeat
🇸🇬 Turks · Singapore
741
+17
🇫🇷 Vietnamese · France
770
-17
King JC1524
12:28 Feudal Age
18:06 Castle Age
16:08 Stone Mining
16:38 Double-Bit Axe
16:56 Horse Collar
32:12 Imperial Age
31:41 Gold Mining
32:03 Bow Saw
32:47 Husbandry
32:57 Bloodlines
34:23 Treadmill Crane
35:23 Conscription
35:05 Artillery
Dartagnan
10:56 Feudal Age
9:41 Loom
11:25 Double-Bit Axe
11:22 Horse Collar
12:37 Wheelbarrow
18:08 Castle Age
18:34 Wheelbarrow
19:32 Heavy Plow
19:44 Bow Saw
20:20 Hand Cart
21:06 Fletching
21:16 Padded Archer Armor
24:53 Town Watch
28:33 Gold Mining
28:37 Stone Mining
28:36 Elite Skirmisher
30:21 Town Patrol
34:19 Imperial Age
32:16 Thumb Ring
33:47 Leather Archer Armor
33:27 Bodkin Arrow
33:58 Ballistics
36:17 Imperial Skirmisher
37:41 Paper Money
38:34 Chemistry
38:40 Ring Archer Armor
38:11 Bracer
Connection lost

Rejoining the realm…

Still unreachable

The connection could not be restored.

Session expired

The server has moved on; the page needs a fresh start.